[Event "GER-ch Youth U14W 2020"]
[Site "Willingen"]
[Date "2020.10.21"]
[Round "2.7"]
[White "Becker, Linda"]
[Black "Buchholz, Maja"]
[Result "0-1"]
[ECO "C14"]
[WhiteElo "1767"]
[BlackElo "1628"]
[Annotator "NA RC"]
[PlyCount "134"]
[EventDate "2020.10.20"]
[EventType "swiss"]
[EventRounds "7"]
[EventCountry "GER"]
[SourceTitle "playchess.com"]
[Source "ChessBase"]
[SourceQuality "1"]
[TimeControl "40/5400+30:1800+30"]

1. e4 e6 2. d4 d5 3. Nc3 Nf6 4. Bg5 Be7 5. e5 Nfd7 6. Bxe7 Qxe7 7. f4 c5 8. Nb5 Na6 9. Nd6+ Kf8 10. Bxa6 bxa6 11. Nf3 f6 12. O-O g6 13. Qd2 Kg7 14. g4 Rf8 15. Kh1 Rb8 16. c3 Bb7 17. Rf2 Bc6 18. Rg1 Kh8 19. Rg3 a5 20. g5 f5 21. h4 a4 22. h5 Kg7 23. Rh2 Rh8 24. Rgh3 c4 25. hxg6 hxg6 26. Rxh8 Rxh8 27. Rxh8 Kxh8 28. Qh2+ Kg8 29. Qh6 Qh7 30. Qxh7+ Kxh7 31. Nd2 Kg7 32. Kg1 Kf8 33. Kf2 Nb6 34. Ke1 a3 35. b3 cxb3 36. Nxb3 Ba4 37. Nd2 Bc2 38. Nb5 Bd3 39. Nxa3 Na4 40. Ndb1 Nb2 41. Kd2 Ba6 42. Nc2 Bc4 43. Nba3 Bxa2 44. Nb4 Bb3 45. Nd3 Na4 46. Nc5 Nxc5 47. dxc5 a6 48. Ke3 Ke7 49. Kd4 Kd7 50. Nb1 a5 51. Na3 Kc6 52. Nb1 Bd1 53. Na3 Be2 54. Nc2 Ba6 55. Na3 Bb7 56. c4 dxc4 57. Kxc4 Ba6+ 58. Kd4 Bb5 59. Nc2 Ba4 60. Na3 Bb3 61. Nb1 Ba2 62. Na3 Bd5 63. Nc2 Kb5 64. Ne3 Bc6 65. Nc2 a4 66. Ke3 Kxc5 67. Na1 Be4 0-1

[Event "GER-ch Youth U14W 2020"]
[Site "Willingen"]
[Date "2020.10.21"]
[Round "2.8"]
[White "Alferova, Emily"]
[Black "Hubert, Charlotte"]
[Result "1/2-1/2"]
[ECO "B92"]
[WhiteElo "1329"]
[BlackElo "1438"]
[Annotator "NA RC"]
[PlyCount "94"]
[EventDate "2020.10.20"]
[EventType "swiss"]
[EventRounds "7"]
[EventCountry "GER"]
[SourceTitle "playchess.com"]
[Source "ChessBase"]
[SourceQuality "1"]
[TimeControl "40/5400+30:1800+30"]

1. e4 c5 2. Nf3 d6 3. d4 cxd4 4. Nxd4 Nf6 5. Nc3 a6 6. Be2 e5 7. Nb3 Be7 8. Be3 Be6 9. O-O O-O 10. f4 b5 11. f5 Bd7 12. a3 Bc6 13. Bf3 Nbd7 14. Qe1 a5 15. Qg3 Kh8 16. Nd2 b4 17. axb4 axb4 18. Nd5 Bxd5 19. exd5 Qc7 20. Qh4 Rxa1 21. Rxa1 Nxd5 22. Qc4 Qxc4 23. Nxc4 Nxe3 24. Nxe3 Nb6 25. Ra7 Bg5 26. Kf2 Bxe3+ 27. Kxe3 d5 28. Rb7 Nc4+ 29. Kf2 e4 30. Be2 Nd6 31. Rxb4 Nxf5 32. g4 Ne7 33. Rb7 Nc6 34. Rb6 Nd4 35. c3 Nxe2 36. Kxe2 Rd8 37. Ke3 g6 38. Rb4 Kg7 39. Rd4 f5 40. gxf5 gxf5 41. c4 Kf6 42. Kf4 Ke6 43. b4 Rd6 44. c5 Rc6 45. Rd1 h6 46. h3 Ra6 47. Rg1 Kf6 1/2-1/2

[Event "GER-ch Youth U14W 2020"]
[Site "Willingen"]
[Date "2020.10.21"]
[Round "2.9"]
[White "Fischer, Darja"]
[Black "Lorenz, Anouk"]
[Result "1-0"]
[ECO "A85"]
[WhiteElo "1598"]
[BlackElo "1504"]
[Annotator "NA RC"]
[PlyCount "55"]
[EventDate "2020.10.20"]
[EventType "swiss"]
[EventRounds "7"]
[EventCountry "GER"]
[SourceTitle "playchess.com"]
[Source "ChessBase"]
[SourceQuality "1"]
[TimeControl "40/5400+30:1800+30"]

1. d4 f5 2. c4 Nf6 3. Nc3 g6 4. g3 Bg7 5. Bg2 O-O 6. Nf3 d6 7. O-O Qe8 8. Re1 Na6 9. e4 Nxe4 10. Nxe4 fxe4 11. Rxe4 Bf5 12. Re2 Bg4 13. Qb3 Rb8 14. Bg5 e5 15. dxe5 Bxe5 16. Rae1 Nc5 17. Qa3 Nd7 18. Nxe5 Nxe5 19. Bd5+ Kh8 20. Re3 Qd7 21. f4 Qf5 22. Qc3 c6 23. Be4 Qf7 24. Bh6 Rfe8 25. fxe5 dxe5 26. Bf4 Qg7 27. Bg2 e4 28. Bxb8 1-0

[Event "GER-ch Youth U14W 2020"]
[Site "Willingen"]
[Date "2020.10.21"]
[Round "2.10"]
[White "Roncea, Andrea-Alexandra"]
[Black "Petersen, Sophie"]
[Result "1-0"]
[ECO "B51"]
[WhiteElo "1644"]
[BlackElo "1524"]
[Annotator "NA RC"]
[PlyCount "69"]
[EventDate "2020.10.20"]
[EventType "swiss"]
[EventRounds "7"]
[EventCountry "GER"]
[SourceTitle "playchess.com"]
[Source "ChessBase"]
[SourceQuality "1"]
[TimeControl "40/5400+30:1800+30"]

1. e4 c5 2. Nf3 d6 3. Bb5+ Nd7 4. O-O a6 5. Bd3 Ngf6 6. c3 b5 7. Bc2 Bb7 8. Re1 e6 9. d4 Be7 10. a4 O-O 11. Nbd2 Qc7 12. Nf1 Rfc8 13. axb5 axb5 14. Rxa8 Bxa8 15. Bd3 Rb8 16. Bg5 e5 17. d5 Qd8 18. Bxf6 Bxf6 19. Ne3 g6 20. Qc2 c4 21. Bf1 Nc5 22. Nd2 Rc8 23. Ra1 Qb6 24. Qd1 Na4 25. Ndxc4 Qc7 26. Na3 Nxb2 27. Qf3 Be7 28. Nxb5 Qb6 29. Qe2 Nc4 30. Na7 Rc7 31. Nxc4 Qc5 32. Nb5 Qxb5 33. Rxa8+ Kg7 34. Nxd6 Qxe2 35. Ne8+ 1-0

[Event "GER-ch Youth U14W 2020"]
[Site "Willingen"]
[Date "2020.10.21"]
[Round "2.11"]
[White "Ulrich, Helena Irene"]
[Black "Sinner, Joselyne"]
[Result "1-0"]
[ECO "C45"]
[WhiteElo "1610"]
[BlackElo "1414"]
[Annotator "NA RC"]
[PlyCount "59"]
[EventDate "2020.10.20"]
[EventType "swiss"]
[EventRounds "7"]
[EventCountry "GER"]
[SourceTitle "playchess.com"]
[Source "ChessBase"]
[SourceQuality "1"]
[TimeControl "40/5400+30:1800+30"]

1. e4 e5 2. Nf3 Nc6 3. d4 exd4 4. Nxd4 Bc5 5. Be3 Qf6 6. c3 Nge7 7. Bc4 Ne5 8. Be2 Qg6 9. O-O d6 10. Nd2 Bh3 11. Bf3 O-O 12. Kh1 Bg4 13. Be2 Bxe2 14. Qxe2 Bb6 15. f4 Ng4 16. f5 Qh5 17. h3 Nf6 18. Qe1 Nc6 19. Qg3 Ne5 20. Nc2 Nfg4 21. Bxb6 axb6 22. Rf4 Nf6 23. Nd4 h6 24. N4f3 Neg4 25. Kg1 g5 26. fxg6 fxg6 27. hxg4 Qc5+ 28. Nd4 Rae8 29. Raf1 Qe5 30. Qf3 1-0

[Event "GER-ch Youth U14W 2020"]
[Site "Willingen"]
[Date "2020.10.21"]
[Round "2.12"]
[White "Lieberwirth, Nele"]
[Black "Zöllner, Bente"]
[Result "0-1"]
[ECO "A33"]
[WhiteElo "1366"]
[BlackElo "1630"]
[Annotator "NA RC"]
[PlyCount "72"]
[EventDate "2020.10.20"]
[EventType "swiss"]
[EventRounds "7"]
[EventCountry "GER"]
[SourceTitle "playchess.com"]
[Source "ChessBase"]
[SourceQuality "1"]
[TimeControl "40/5400+30:1800+30"]

1. d4 Nf6 2. c4 c5 3. Nf3 cxd4 4. Nxd4 Nc6 5. Nc3 e6 6. g3 d5 7. b3 Bb4 8. Bb2 Ne4 9. Nxc6 bxc6 10. Qd3 d4 11. Bg2 dxc3 12. Qxd8+ Kxd8 13. O-O-O+ Kc7 14. Bxe4 cxb2+ 15. Kxb2 Bb7 16. a3 Be7 17. Rd2 f5 18. Bg2 Rhd8 19. Rc2 Rd7 20. Rhc1 Rad8 21. b4 c5 22. Bxb7 Kxb7 23. b5 Rd2 24. Kb3 Bf6 25. e3 R8d3+ 26. Ka2 Kc7 27. a4 Bc3 28. Kb1 Bb4 29. Ka2 Rxc2+ 30. Rxc2 Kd6 31. Kb2 Ke5 32. Re2 Ke4 33. Kc2 Rc3+ 34. Kb2 Rxc4 35. Kb3 Rc3+ 36. Kb2 Kd3 0-1

[Event "GER-ch Youth U14W 2020"]
[Site "Willingen"]
[Date "2020.10.21"]
[Round "2.13"]
[White "Deák-Sala, Emília"]
[Black "Pikki, Daria"]
[Result "1-0"]
[ECO "C44"]
[WhiteElo "1641"]
[BlackElo "1545"]
[Annotator "NA RC"]
[PlyCount "69"]
[EventDate "2020.10.20"]
[EventType "swiss"]
[EventRounds "7"]
[EventCountry "GER"]
[SourceTitle "playchess.com"]
[Source "ChessBase"]
[SourceQuality "1"]
[TimeControl "40/5400+30:1800+30"]

1. e4 e5 2. Nf3 Nc6 3. c3 Bc5 4. Nxe5 Nxe5 5. d4 Bd6 6. dxe5 Bxe5 7. f4 Bd6 8. Qd4 Bf8 9. Bc4 d6 10. f5 Nf6 11. O-O Be7 12. Na3 O-O 13. Rf3 Nd7 14. Rh3 Ne5 15. Qd1 Bg5 16. Qh5 h6 17. Bxg5 Qxg5 18. Qxg5 hxg5 19. Bb3 g6 20. Rg3 g4 21. fxg6 Nxg6 22. Nb5 Nf4 23. Re1 Bd7 24. Nxc7 Rac8 25. Nd5 Nxd5 26. Bxd5 Kg7 27. Bb3 Rcd8 28. Bd1 f5 29. exf5 Bxf5 30. Bxg4 Bg6 31. Bh5 Rf6 32. Bxg6 Rxg6 33. Re7+ Kf8 34. Rxg6 Kxe7 35. Rg7+ 1-0

[Event "GER-ch Youth U14W 2020"]
[Site "Willingen"]
[Date "2020.10.21"]
[Round "3.1"]
[White "Zhou, Lepu Coco"]
[Black "Werner, Rosalie"]
[Result "1-0"]
[ECO "C01"]
[WhiteElo "1872"]
[BlackElo "1688"]
[Annotator "NA RC"]
[PlyCount "79"]
[EventDate "2020.10.20"]
[EventType "swiss"]
[EventRounds "7"]
[EventCountry "GER"]
[SourceTitle "playchess.com"]
[Source "ChessBase"]
[SourceQuality "1"]
[TimeControl "40/5400+30:1800+30"]

1. e4 e6 2. d4 d5 3. exd5 exd5 4. Nf3 Bd6 5. Bd3 Nc6 6. O-O Bg4 7. c3 Nge7 8. Re1 Qd7 9. Nbd2 O-O-O {[%emt 0:03:53] 9...f6 might become the main line.} 10. b4 Rde8 11. b5 {[%emt 0:00:25] C01: French: Exchange Variation.} Nd8 12. Qa4 Kb8 13. Ne5 {[%emt 0:01:27] [#]} Qc8 $146 ({Predecessor:} 13... Bxe5 $1 $14 14. dxe5 Ng6 15. Bxg6 hxg6 16. Nb3 f6 17. Be3 b6 18. Bf4 g5 19. Bg3 f5 {0-1 (39) Zavialov,N (2066)-Pavlov,D (2369) Moscow 2019}) 14. Qb3 ({White should try} 14. c4 $16) 14... f6 15. Nxg4 Qxg4 16. h3 Qd7 17. a4 Ne6 18. a5 Nf4 {[%emt 0:06:16] [#]} 19. Bf1 $1 Ka8 20. b6 (20. Nf3 $18 {and White stays clearly on top.}) 20... a6 21. bxc7 Bxc7 22. Ba3 (22. Rb1 $16 Rb8 23. g3) 22... Nf5 23. Reb1 ({Better is} 23. Rab1 $16 Bxa5 24. Bc5) 23... Rb8 24. Bc5 Ne6 25. Bb6 Bf4 26. Nf3 g5 ({Black should play} 26... Rhc8) 27. Ne1 h5 28. g3 Rhg8 $2 {[%emt 0:10:35] [#]} (28... Bxg3 $1 $11 29. fxg3 Nxg3) 29. Bg2 $18 ({Don't blunder} 29. gxf4 $2 gxf4+ 30. Kh1 (30. Bg2 $2 f3 $19 {[%mdl 64] Pin}) 30... Nh4 $19) 29... Bxg3 30. Qxd5 Qxd5 31. Bxd5 Rge8 32. fxg3 Nxg3 33. Nd3 Ne2+ 34. Kf2 Nxc3 35. Bxe6 Nxb1 36. Nc5 Nc3 37. Bc7 Rbc8 38. Bxc8 Rxc8 39. Bb6 Nd5 40. Re1 1-0

[Event "GER-ch Youth U14W 2020"]
[Site "Willingen"]
[Date "2020.10.21"]
[Round "3.2"]
[White "Schulz, Hannah"]
[Black "Bildat, Emilia"]
[Result "0-1"]
[ECO "B35"]
[WhiteElo "1589"]
[BlackElo "1704"]
[Annotator "NA RC"]
[PlyCount "56"]
[EventDate "2020.10.20"]
[EventType "swiss"]
[EventRounds "7"]
[EventCountry "GER"]
[SourceTitle "playchess.com"]
[Source "ChessBase"]
[SourceQuality "1"]
[TimeControl "40/5400+30:1800+30"]

1. e4 c5 2. Nf3 g6 3. d4 cxd4 4. Nxd4 Bg7 5. Nc3 Nc6 6. Be3 Nf6 7. Bc4 Qa5 8. O-O O-O 9. Bb3 d6 10. h3 Bd7 11. Qd2 Nxd4 12. Qxd4 Ng4 13. Qd2 Nxe3 14. Qxe3 Bxc3 15. bxc3 Rac8 16. c4 Be6 17. Rab1 b6 18. Rfe1 Bxc4 19. Rb2 Bxb3 20. cxb3 Rc3 21. Qe2 Rfc8 22. f4 Qc5+ 23. Kh2 Rc2 24. Rxc2 Qxc2 25. Qa6 Rc7 26. Re2 Qc1 27. g3 Qf1 28. Qd3 Rc1 0-1

[Event "GER-ch Youth U14W 2020"]
[Site "Willingen"]
[Date "2020.10.21"]
[Round "3.3"]
[White "Wagner, Margarethe"]
[Black "Wörz, Ann-Sophie"]
[Result "0-1"]
[ECO "B07"]
[WhiteElo "1804"]
[BlackElo "1473"]
[Annotator "NA RC"]
[PlyCount "90"]
[EventDate "2020.10.20"]
[EventType "swiss"]
[EventRounds "7"]
[EventCountry "GER"]
[SourceTitle "playchess.com"]
[Source "ChessBase"]
[SourceQuality "1"]
[TimeControl "40/5400+30:1800+30"]

1. e4 d6 2. d4 Nf6 3. Nc3 c6 4. f4 Qa5 5. Bd3 e5 6. Nf3 Nbd7 7. O-O Be7 8. Kh1 Qc7 {[%emt 0:03:28] B07: Pirc Defence: Miscellaneous Systems.} 9. Qe1 O-O 10. h3 b5 (10... Nh5 $11) 11. a3 Re8 12. Be3 Bf8 {[%emt 0:03:44] [#]} 13. Qg3 $146 ({Predecessor:} 13. g4 g6 14. dxe5 dxe5 15. f5 gxf5 16. gxf5 Bg7 17. Rg1 Kh8 18. Ng5 Nb6 19. Qh4 {1-0 (26) Milanovic,M (1745)-Todorovic,I Sokobanja 2010}) 13... Bb7 14. Rae1 a6 15. fxe5 dxe5 16. dxe5 Kh8 17. Ng5 Nxe5 18. Bf4 (18. Bd4 $1 $11 Bd6 19. Rf5) 18... Kg8 19. Qh4 Ng6 20. Bxc7 Nxh4 21. Bg3 Ng6 22. e5 Nh5 23. Bh2 f6 24. exf6 Nxf6 25. Ne6 Rac8 26. Re2 c5 27. Bxg6 hxg6 28. Nxf8 Rxf8 29. Re7 Rf7 30. Rfe1 b4 31. Na4 Bc6 32. Nb6 Rxe7 33. Rxe7 Re8 34. Rxe8+ Bxe8 35. axb4 cxb4 36. Bd6 a5 37. Nc4 Ne4 38. Bc7 a4 $1 39. Ba5 Bf7 40. Ne5 $2 (40. Ne3 $15) 40... a3 41. bxa3 bxa3 42. Bb6 Ng3+ 43. Kh2 Ne2 44. Nxf7 Kxf7 45. Bc7 Ke6 0-1

[Event "GER-ch Youth U14W 2020"]
[Site "Willingen"]
[Date "2020.10.21"]
[Round "3.4"]
[White "Voigt, Anastasia"]
[Black "Pohle, Saskia"]
[Result "0-1"]
[ECO "C55"]
[WhiteElo "1562"]
[BlackElo "1749"]
[Annotator "NA RC"]
[PlyCount "80"]
[EventDate "2020.10.20"]
[EventType "swiss"]
[EventRounds "7"]
[EventCountry "GER"]
[SourceTitle "playchess.com"]
[Source "ChessBase"]
[SourceQuality "1"]
[TimeControl "40/5400+30:1800+30"]

1. e4 e5 2. Nf3 Nc6 3. Bc4 Nf6 4. d3 Be7 5. O-O O-O 6. Re1 d6 7. a4 Be6 8. a5 Bxc4 9. dxc4 a6 10. Nc3 Qd7 11. Nd5 Kh8 12. c3 Ng8 13. Nxe7 Ngxe7 14. Nd2 f5 15. b4 Qe6 16. Qe2 Rf7 17. exf5 Nxf5 18. Ne4 Qg6 19. Ng3 Raf8 20. Nxf5 Qxf5 21. Be3 Ne7 22. b5 Rf6 23. f3 Ng6 24. Rf1 Nh4 25. Bf2 Rh6 26. Qe4 Qg5 27. Qg4 Qd8 28. Bg3 Nf5 29. Qe4 Qc8 30. f4 Nxg3 31. hxg3 exf4 32. gxf4 Re8 33. Qf3 Rhe6 34. Rfc1 Re4 35. Qf1 Rf8 36. g3 Qg4 37. Kf2 g5 38. Re1 Rxe1 39. Qxe1 gxf4 40. gxf4 Rxf4+ 0-1

[Event "GER-ch Youth U14W 2020"]
[Site "Willingen"]
[Date "2020.10.21"]
[Round "3.5"]
[White "Buchholz, Maja"]
[Black "Sereda, Yaroslava"]
[Result "0-1"]
[ECO "A15"]
[WhiteElo "1628"]
[BlackElo "1756"]
[Annotator "NA RC"]
[PlyCount "58"]
[EventDate "2020.10.20"]
[EventType "swiss"]
[EventRounds "7"]
[EventCountry "GER"]
[SourceTitle "playchess.com"]
[Source "ChessBase"]
[SourceQuality "1"]
[TimeControl "40/5400+30:1800+30"]

1. c4 Nf6 2. g3 g6 3. Bg2 d5 4. Nf3 c5 5. cxd5 Nxd5 6. Nc3 Nxc3 7. bxc3 Bg7 8. O-O O-O 9. Rb1 Nc6 10. a4 Qc7 11. d4 Rd8 12. e3 Bf5 13. Rb5 c4 14. Ne1 e5 15. e4 Bd7 16. d5 Be8 17. Ba3 a6 18. Rb2 Na5 19. Bb4 Nb3 20. Qe2 Bxa4 21. Nf3 a5 22. Ba3 Bf8 23. Bxf8 Kxf8 24. Qe3 Kg7 25. h4 h5 26. Ng5 Nc5 27. f4 f6 28. Qxc5 Qxc5+ 29. Kh2 fxg5 0-1

[Event "GER-ch Youth U14W 2020"]
[Site "Willingen"]
[Date "2020.10.21"]
[Round "3.6"]
[White "Zöllner, Bente"]
[Black "Fischer, Darja"]
[Result "1-0"]
[ECO "D61"]
[WhiteElo "1630"]
[BlackElo "1598"]
[Annotator "NA RC"]
[PlyCount "145"]
[EventDate "2020.10.20"]
[EventType "swiss"]
[EventRounds "7"]
[EventCountry "GER"]
[SourceTitle "playchess.com"]
[Source "ChessBase"]
[SourceQuality "1"]
[TimeControl "40/5400+30:1800+30"]

1. d4 d5 2. Nf3 Nf6 3. c4 e6 4. Nc3 Nbd7 5. Bg5 Be7 6. e3 O-O 7. Qc2 b6 8. Bd3 h6 9. Bh4 Bb7 10. O-O c5 11. Rad1 Rc8 12. cxd5 exd5 13. dxc5 bxc5 14. b3 Re8 15. Bf5 d4 16. exd4 Bxf3 17. gxf3 cxd4 18. Rxd4 Qa5 19. Rc1 Rxc3 20. Qxc3 Qxf5 21. Bg3 Nh5 22. Re1 Nxg3 23. fxg3 Ne5 24. Rf4 Qd3 25. Re3 Qxc3 26. Rxc3 Bg5 27. Ra4 Bd2 28. Rc2 Rd8 29. Kf2 Nd3+ 30. Ke2 Nc1+ 31. Kf1 Be3 32. Ke1 Rd3 33. Rac4 Rd7 34. Rxc1 Bxc1 35. Rxc1 Kf8 36. Ke2 Ke7 37. Rc6 Kd8 38. b4 Ke7 39. Ke3 Ke8 40. Rc4 Rd1 41. Rd4 Rb1 42. a4 Rb2 43. h4 Rb3+ 44. Ke4 Ke7 45. g4 Ke6 46. b5 g6 47. g5 h5 48. Kf4 Ke7 49. Rc4 Kd7 50. Kg3 Ra3 51. Rf4 Ke7 52. Kf2 Rb3 53. Ke2 Rc3 54. Kd2 Rb3 55. Rf6 Rb4 56. Ra6 Rxh4 57. Rxa7+ Ke6 58. b6 Rb4 59. a5 h4 60. Ke2 h3 61. Kf2 Rb2+ 62. Kg1 Kf5 63. Rxf7+ Kxg5 64. Rh7 Kf4 65. Rxh3 Rb5 66. Rh4+ Kg3 67. Rg4+ Kxf3 68. Ra4 g5 69. a6 Rb1+ 70. Kh2 g4 71. Ra3+ Kf2 72. a7 Rxb6 73. Ra2+ 1-0

[Event "GER-ch Youth U14W 2020"]
[Site "Willingen"]
[Date "2020.10.21"]
[Round "3.7"]
[White "Deák-Sala, Emília"]
[Black "Roncea, Andrea-Alexandra"]
[Result "1-0"]
[ECO "C51"]
[WhiteElo "1641"]
[BlackElo "1644"]
[Annotator "NA RC"]
[PlyCount "50"]
[EventDate "2020.10.20"]
[EventType "swiss"]
[EventRounds "7"]
[EventCountry "GER"]
[SourceTitle "playchess.com"]
[Source "ChessBase"]
[SourceQuality "1"]
[TimeControl "40/5400+30:1800+30"]

1. e4 e5 2. Nf3 Nc6 3. Bc4 Bc5 4. b4 Bb6 5. a4 a6 6. c3 Nf6 7. Qe2 O-O 8. O-O h6 9. Na3 d6 10. h3 Re8 11. d3 Ne7 12. Qa2 Rf8 13. Nh4 g5 14. Nf3 Ng6 15. Kh1 Qd7 16. a5 Ba7 17. Qe2 Kh7 18. Nc2 g4 19. Qd2 Nf4 20. Nh2 Ng8 21. Nxg4 h5 22. Nh2 Qe7 23. Qd1 Kg6 24. Qf3 Qf6 25. Be3 Nh6 1-0

[Event "GER-ch Youth U14W 2020"]
[Site "Willingen"]
[Date "2020.10.21"]
[Round "3.8"]
[White "Hubert, Charlotte"]
[Black "Prinzen, Siri Marleen"]
[Result "1-0"]
[ECO "B10"]
[WhiteElo "1438"]
[BlackElo "1712"]
[Annotator "NA RC"]
[PlyCount "65"]
[EventDate "2020.10.20"]
[EventType "swiss"]
[EventRounds "7"]
[EventCountry "GER"]
[SourceTitle "playchess.com"]
[Source "ChessBase"]
[SourceQuality "1"]
[TimeControl "40/5400+30:1800+30"]

1. e4 c6 2. Nf3 d5 3. Nc3 dxe4 4. Nxe4 Nf6 5. Qe2 e6 6. Nxf6+ Qxf6 7. d4 Qd8 8. Bf4 Bd6 9. Bxd6 Qxd6 10. O-O-O O-O 11. Kb1 Nd7 12. Ne5 Rd8 13. f4 b6 14. Qh5 Nxe5 15. fxe5 Qf8 16. Bd3 g6 17. Qg4 Bb7 18. Rdf1 Rd7 19. h4 h5 20. Qg5 Qg7 21. Rf4 Kh8 22. g4 Qh7 23. Rg1 Rg8 24. Rf6 Rg7 25. Qf4 hxg4 26. Rxg4 Qh5 27. b3 Rc7 28. Kb2 Rd7 29. Rg5 Qh6 30. Qg4 Qh7 31. h5 gxh5 32. Qh4 Rxg5 33. Bxh7 1-0

[Event "GER-ch Youth U14W 2020"]
[Site "Willingen"]
[Date "2020.10.21"]
[Round "3.10"]
[White "Foos, Vanessa"]
[Black "Ulrich, Helena Irene"]
[Result "1/2-1/2"]
[ECO "E93"]
[WhiteElo "1328"]
[BlackElo "1610"]
[Annotator "NA RC"]
[PlyCount "85"]
[EventDate "2020.10.20"]
[EventType "swiss"]
[EventRounds "7"]
[EventCountry "GER"]
[SourceTitle "playchess.com"]
[Source "ChessBase"]
[SourceQuality "1"]
[TimeControl "40/5400+30:1800+30"]

1. d4 Nf6 2. c4 g6 3. Nc3 Bg7 4. Nf3 O-O 5. e4 d6 6. Be2 e5 7. d5 Nbd7 8. h3 a5 9. a3 Nc5 10. Be3 Nfxe4 11. Nxe4 Nxe4 12. Nd2 Nxd2 13. Qxd2 f5 14. f4 Qh4+ 15. Kd1 exf4 16. Bxf4 Qf6 17. Kc1 b6 18. Rd1 Re8 19. Rb1 a4 20. Bf3 Bd7 21. Bg5 Qf8 22. Rf1 Ra5 23. Be2 Bf6 24. Bd3 Bxg5 25. Qxg5 Qe7 26. Qg3 Qe3+ 27. Qxe3 Rxe3 28. Kd2 Re5 29. Rf3 b5 30. Rc1 bxc4 31. Rxc4 Ra7 32. Rd4 Rb7 33. Kc2 Rb8 34. Bc4 Rbe8 35. Rc3 Re3 36. Bd3 Rc8 37. Kd2 Re5 38. Ba6 Rb8 39. Rxc7 Rxb2+ 40. Kc1 Rb6 41. Rxd7 Rxa6 42. Rc4 Re8 43. Rcc7 1/2-1/2

[Event "GER-ch Youth U14W 2020"]
[Site "Willingen"]
[Date "2020.10.21"]
[Round "3.11"]
[White "Becker, Linda"]
[Black "Alferova, Emily"]
[Result "1-0"]
[ECO "C44"]
[WhiteElo "1767"]
[BlackElo "1329"]
[Annotator "NA RC"]
[PlyCount "57"]
[EventDate "2020.10.20"]
[EventType "swiss"]
[EventRounds "7"]
[EventCountry "GER"]
[SourceTitle "playchess.com"]
[Source "ChessBase"]
[SourceQuality "1"]
[TimeControl "40/5400+30:1800+30"]

1. e4 e5 2. Nf3 Nc6 3. d4 exd4 4. Nxd4 g6 5. Nc3 Bg7 6. Be3 Nge7 7. Be2 O-O 8. O-O d5 9. Nxd5 Nxd5 10. exd5 Qxd5 11. Bf3 Qd7 12. Nxc6 bxc6 13. c3 Qxd1 14. Raxd1 Bb7 15. Bf4 Rfe8 16. Rd7 Be5 17. Bxe5 Rxe5 18. Rxc7 Ba6 19. Rd1 Rae8 20. h3 Re1+ 21. Rxe1 Rxe1+ 22. Kh2 Ra1 23. Rxa7 Bb5 24. b3 Bd3 25. Bxc6 Bf5 26. Bd5 Be6 27. Bxe6 fxe6 28. c4 Rc1 29. Kg3 1-0

[Event "GER-ch Youth U14W 2020"]
[Site "Willingen"]
[Date "2020.10.21"]
[Round "3.12"]
[White "Sinner, Joselyne"]
[Black "Lorenz, Anouk"]
[Result "0-1"]
[ECO "B23"]
[WhiteElo "1414"]
[BlackElo "1504"]
[Annotator "NA RC"]
[PlyCount "56"]
[EventDate "2020.10.20"]
[EventType "swiss"]
[EventRounds "7"]
[EventCountry "GER"]
[SourceTitle "playchess.com"]
[Source "ChessBase"]
[SourceQuality "1"]
[TimeControl "40/5400+30:1800+30"]

1. e4 c5 2. Nc3 g6 3. f4 Bg7 4. Nf3 e6 5. Be2 Nc6 6. O-O Nge7 7. Kh1 O-O 8. d3 d5 9. e5 Nf5 10. g4 Nfd4 11. Nxd4 Nxd4 12. Bf3 Nxf3 13. Qxf3 Bd7 14. Bd2 Bc6 15. Rae1 Rc8 16. Qh3 f6 17. f5 g5 18. exf6 Bxf6 19. fxe6 Qe7 20. Rf5 d4+ 21. Ne4 Qxe6 22. Kg1 Bxe4 23. Rxe4 Qxa2 24. Bxg5 Bxg5 25. Rxg5+ Kh8 26. Qg3 Rce8 27. Rge5 Qf7 28. Rxe8 Qf1# 0-1

[Event "GER-ch Youth U14W 2020"]
[Site "Willingen"]
[Date "2020.10.21"]
[Round "3.13"]
[White "Petersen, Sophie"]
[Black "Lieberwirth, Nele"]
[Result "1-0"]
[ECO "C70"]
[WhiteElo "1524"]
[BlackElo "1366"]
[Annotator "NA RC"]
[PlyCount "73"]
[EventDate "2020.10.20"]
[EventType "swiss"]
[EventRounds "7"]
[EventCountry "GER"]
[SourceTitle "playchess.com"]
[Source "ChessBase"]
[SourceQuality "1"]
[TimeControl "40/5400+30:1800+30"]

1. e4 e5 2. Nf3 Nc6 3. Bb5 a6 4. Ba4 b5 5. Bb3 Na5 6. Nxe5 Nxb3 7. axb3 Qg5 8. Nf3 Qxg2 9. Rg1 Qh3 10. d3 Nf6 11. Bf4 d6 12. Rg3 Qd7 13. Bg5 Nh5 14. Rg1 g6 15. Nbd2 Bg7 16. c3 O-O 17. Be3 Bb7 18. Bd4 Nf6 19. Qc2 Rfe8 20. O-O-O Rac8 21. Be3 c5 22. h4 c4 23. bxc4 bxc4 24. Nxc4 Rb8 25. Bf4 Bf8 26. Nfd2 Bc6 27. Be3 d5 28. Nb6 Qb7 29. exd5 Nxd5 30. Nxd5 Bxd5 31. c4 Rec8 32. Bd4 Bh6 33. Bc3 Bf3 34. Rde1 Qb6 35. Kb1 Bc6 36. Ne4 Kf8 37. c5 1-0

[Event "GER-ch Youth U14W 2020"]
[Site "Willingen"]
[Date "2020.10.22"]
[Round "4.1"]
[White "Bildat, Emilia"]
[Black "Zhou, Lepu Coco"]
[Result "1-0"]
[ECO "A15"]
[WhiteElo "1704"]
[BlackElo "1872"]
[Annotator "NA RC"]
[PlyCount "121"]
[EventDate "2020.10.20"]
[EventType "swiss"]
[EventRounds "7"]
[EventCountry "GER"]
[SourceTitle "playchess.com"]
[Source "ChessBase"]
[SourceQuality "1"]
[TimeControl "40/5400+30:1800+30"]

1. c4 Nf6 2. g3 c6 3. Bg2 d5 4. Nf3 dxc4 5. Qc2 Qd5 6. O-O {[%emt 0:11:23] A11: English Opening: 1...c6.} g6 (6... Bf5 $11 7. Qa4 Qc5) 7. Na3 b5 {[%emt 0:02:28] [#]} (7... Be6 $14) 8. Nh4 $146 (8. b3 $1 $16) ({Predecessor:} 8. d3 cxd3 9. exd3 Bg7 10. Re1 Bb7 11. Ne5 Qd6 12. Nxb5 Qd8 13. Nxc6 Nxc6 14. Bxc6+ Bxc6 15. Qxc6+ Kf8 16. Bf4 Qxd3 17. Qxa8+ Ne8 18. Nc7 {1-0 (18) Thompson,E (1774)-Krag Jacobsen,A (1753) ICCF email 2008}) 8... Qh5 9. d3 cxd3 (9... Bg7 $16) 10. exd3 Nfd7 {[%emt 0:17:29] [#]} (10... Nd5 $142) 11. Bf3 $2 ({Not} 11. Bxc6 Nxc6 12. Qxc6 {[%mdl 64] Double Attack} Rb8 $14) (11. d4 $1 $18 Nb6 12. Re1 (12. Bxc6+ Nxc6 13. Qxc6+ Bd7 $15)) 11... Qc5 12. Qxc5 Nxc5 {[%emt 0:00:06] [#]} 13. Nxb5 $1 Ne6 $1 14. Be3 a6 (14... Bg7 $11) 15. Na7 Bd7 16. Rac1 Nd8 17. Bb6 g5 18. Ng2 g4 19. Bd1 Bg7 20. Ba4 O-O (20... Ne6 $11 {remains equal.} 21. Nxc6 Nxc6 22. Rxc6 (22. Bxc6 Rb8 $11) 22... O-O) 21. Bxd8 (21. d4 $14) 21... Rxd8 22. Nxc6 Nxc6 23. Bxc6 Bxc6 24. Rxc6 Bxb2 25. Rc4 Rd4 26. Ne3 Rxc4 27. dxc4 Rc8 28. Rd1 f6 29. Kf1 Kf7 30. Ke2 Rc5 31. Rd2 Bc1 32. Rc2 Bxe3 $1 33. Kxe3 e5 34. Kd3 f5 35. Kc3 a5 (35... Rc6 $11) 36. Rb2 Ke6 37. Rb6+ Kd7 38. Rh6 Rc8 39. Rxh7+ Kd6 40. h4 Rg8 $2 (40... gxh3 $1 $14 41. Rh6+ (41. Rxh3 e4 $16) 41... Ke7) 41. Ra7 f4 42. Rxa5 Rf8 43. gxf4 Rxf4 {[%emt 0:00:00] [#]} (43... exf4 $142 44. Kd3 g3) 44. Rd5+ $1 Ke6 45. Rd2 Rf3+ 46. Kb4 Rh3 47. c5 Rxh4 48. Kb5 Rh1 49. c6 Rb1+ 50. Ka6 Rc1 51. Kb7 Rb1+ 52. Kc7 Ke7 53. a4 Ra1 54. Rb2 Rxa4 55. Kb7 Rc4 56. c7 Kf6 57. c8=Q Rxc8 58. Kxc8 Kf5 59. Re2 e4 60. Re3 Ke5 61. Kd7 1-0